 Seeded DCSS version 0.29.1-15-g9cfb28693d (webtiles) character file.

Game seed: 13153279757065922515 (custom seed)

2566 Psyclone the Destroyer (level 9, -5/45 HPs)
             Began as a Deep Elf Conjurer on Sept 22, 2023.
             Was an Initiate of Ashenzari.
             Slain by a wyvern (11 damage)
             ... on level 7 of the Dungeon.
             The game lasted 00:13:43 (8131 turns).

Psyclone the Destroyer (Deep Elf Conjurer)          Turns: 8131, Time: 00:13:43

Health: -5/45      AC:  4    Str:  4    XL:     9   Next: 31%
Magic:  8/25       EV: 12    Int: 28    God:    Ashenzari [......]
Gold:   295        SH:  0    Dex: 13    Spells: 11/28 levels left

rFire   . . .      SeeInvis .   b - +0 dagger (protect)
rCold   . . .      Faith    .   (no shield)
rNeg    . . .      Spirit   .   q - +0 robe
rPois   .          Reflect  .   F - +0 helmet
rElec   .          Harm     .   E - +0 cloak
rCorr   +          Rampage  .   (no gloves)
Will    .....                   (no boots)
Stlth   ++........              (no amulet)
HPRegen 0.15/turn               v - ring of resist corrosion
MPRegen 0.19/turn               (no ring)

@: no status effects
A: no striking features
a: Renounce Religion, Curse Item


You were on level 7 of the Dungeon.
You worshipped Ashenzari.
Ashenzari was noncommittal.
You visited 2 branches of the dungeon, and saw 8 of its levels.

You collected 295 gold pieces.

Inventory:

Hand Weapons
 b - a +0 dagger of protection (weapon)
Missiles
 k - a throwing net {!f}
Armour
 q - a +0 robe (worn)
 E - a +0 cloak (worn)
 F - a +0 helmet (worn)
Magical Staves
 a - a staff of conjuration
Jewellery
 v - a ring of resist corrosion (left hand)
 z - a +4 ring of evasion
Wands
 r - a wand of flame (7)
 w - a wand of digging (7)
 y - a wand of light (14)
 C - a wand of iceblast (13)
Scrolls
 e - a scroll of vulnerability {unknown}
 f - 9 scrolls of identify {unknown}
 i - a scroll of amnesia {unknown}
 j - 6 scrolls of teleportation {unknown}
 l - 2 scrolls of butterflies {unknown}
 m - a scroll of magic mapping {unknown}
 n - 2 scrolls of enchant armour {unknown}
 o - a scroll of immolation {unknown}
 u - a scroll of torment {unknown}
 A - a scroll of blinking {unknown}
 D - a scroll of fear {unknown}
Potions
 c - 3 potions of invisibility {unknown}
 d - 2 potions of magic
 g - a potion of mutation {unknown}
 h - 3 potions of haste {unknown}
 p - a potion of brilliance {unknown}
 s - a potion of curing {unknown}
 t - a potion of lignification {unknown}
 x - a potion of degeneration {unknown}
 B - a potion of heal wounds {unknown}


   Skills:
 - Level 2.4 Dodging
 - Level 2.4 Stealth
 - Level 10.0 Spellcasting
 - Level 10.0 Conjurations
 - Level 6.0 Hexes
 + Level 4.2 Air Magic


You had 11 spell levels left.
You knew the following spells:

 Your Spells              Type           Power      Damage    Failure   Level
a - Magic Dart            Conj           100%       1d8       1%          1
b - Searing Ray           Conj           100%       2d8       1%          2
c - Mephitic Cloud        Conj/Pois/Air  40%        N/A       1%          3
d - Fulminant Prism       Conj/Hex       28%        3d14      1%          4
e - Iskenderun's Mystic   Conj/Tloc      42%        2d10      4%          4
r - Swiftness             Air            37%        N/A       2%          3

Your spell library contained the following spells:

 Spells                   Type           Power      Damage    Failure   Level
 Ensorcelled Hibernation  Hex/Ice        60%        N/A       1%          2
 Dazzling Flash           Conj/Hex       100%       N/A       1%          3
 Summon Guardian Golem    Hex/Summ       30%        N/A       3%          3
 Apportation              Tloc           28%        N/A       4%          1
 Necrotise                Necr           56%        1d6       4%          1
 Summon Small Mammal      Summ           56%        N/A       4%          1
 Call Imp                 Summ           14%        N/A       6%          2
 Passwall                 Tmut/Erth      11%        N/A       6%          2
 Call Canine Familiar     Summ           14%        N/A       12%         3


Dungeon Overview and Level Annotations

Branches:
Dungeon (7/15) Zot: 26487  Temple (1/1) D:4 Zot: 5970

Altars:
Ashenzari
Cheibriados
Dithmenos
Elyvilon
Hepliaklqana
Kikubaaqudgha
Nemelex Xobeh
Okawaru
Qazlal
Ru
Sif Muna
Vehumet
Xom
Zin

Shops:
D:2 (   D:5 =

Annotations:
D:5 2 transporters, tkbsonic5's ghost, novice MeWr


Message History

Your fulminant prism crackles loudly.
A wyvern comes into view.
You take 5 damage, and have 26/44 hp.
You closely miss the wight.
The wight is almost destroyed.
The wight closely misses you.
Your fulminant prism explodes!
The blast of energy engulfs the wight!!
You destroy the wight!
Your life force feels restored.
Casting: Fulminant Prism (dangerous; 1% risk of failure)
Confirm with . or Enter, or press ? or * to list all spells.
Aiming: Fulminant Prism (dangerous; 1% risk of failure)
Press: ? - help, Dir - move target You conjure a prism of explosive energy!
A fulminant prism comes into view.
You now have 11/25 mp.
Your fulminant prism crackles loudly.
Your fulminant prism explodes!
The blast of energy engulfs the wyvern.
The wyvern is moderately wounded.
Casting: Fulminant Prism (dangerous; 1% risk of failure)
Confirm with . or Enter, or press ? or * to list all spells.
Aiming: Fulminant Prism (dangerous; 1% risk of failure)
Press: ? - help, Dir - move target You conjure a prism of explosive energy!
A fulminant prism comes into view.
The wyvern hisses menacingly.
The wyvern bites you!
You take 10 damage, and have 17/45 hp.
MASSIVE DAMAGE!!
You now have 7/25 mp.
You barely miss the wyvern.
The wyvern is moderately wounded.
The wyvern bites you. The wyvern bites you!
* * * LOW HITPOINT WARNING * * *
Your fulminant prism crackles loudly.
You take 11 damage, and have 6/45 hp.
MASSIVE DAMAGE!!
You closely miss the wyvern.
The wyvern is moderately wounded.
The wyvern bites you!
You die...

#........# .........+
#........# #........#
#........# #.......##
#.......###############
#.......#.#.#.#.#.....#
#...............@.....#
#########.#.#.#.#l....#
#########.<...# .*.....
.!..... ....... .......
[......


You could see a wyvern (ally target) and a friendly fulminant prism.

Vanquished Creatures
  A water moccasin (D:4)
  2 orc warriors
  2 ice beasts
  A sky beast (D:7)
  An ogre (D:5)
  A black bear (D:5)
  3 phantoms
  2 bullfrogs
  2 necrophages (D:4)
  3 scorpions
  8 wights (D:7)
  3 howler monkeys
  2 orc priests
  3 hounds
  A jelly (D:5)
  Crazy Yiuf (D:6)
  3 iguanas
  5 orc wizards
  5 gnolls
  9 adders
  A white imp (D:6)
  An ufetubus (D:5)
  A worm (D:2)
  2 dart slugs
  17 orcs
  8 endoplasms
  7 giant cockroaches
  13 goblins
  9 hobgoblins
  9 jackals
  2 kobolds (D:1)
  2 quokkas (D:2)
  6 ball pythons
  7 bats
  4 frilled lizards
  10 rats
157 creatures vanquished.

Vanquished Creatures (others)
  22 fulminant prisms
22 creatures vanquished.

Grand Total: 179 creatures vanquished

Notes
Turn   | Place    | Note
-------+----------+-------------------------------------------
     0 | D:1      | Psyclone the Deep Elf Conjurer began the quest for the Orb.
     0 | D:1      | Reached XP level 1. HP: 10/10 MP: 6/6
   188 | D:1      | Found a faded altar of an unknown god.
   199 | D:1      | Reached XP level 2. HP: 15/15 MP: 2/8
   474 | D:1      | Reached skill level 5 in Conjurations
   517 | D:1      | Reached XP level 3. HP: 19/19 MP: 5/10
   525 | D:1      | Learned a level 2 spell: Searing Ray
  1314 | D:2      | Found Aliloud's Weapon Emporium.
  1358 | D:2      | Found a stormy altar of Qazlal.
  1484 | D:2      | Reached XP level 4. HP: 24/24 MP: 6/12
  2663 | D:3      | Learned a level 4 spell: Fulminant Prism
  2849 | D:3      | Found a shadowy altar of Dithmenos.
  2977 | D:3      | Reached XP level 5. HP: 28/28 MP: 10/13
  3441 | D:4      | Reached skill level 5 in Spellcasting
  3623 | D:4      | Reached XP level 6. HP: 29/32 MP: 8/16
  3794 | D:4      | Found a staircase to the Ecumenical Temple.
  3794 | D:4      | Noticed a water moccasin
  3798 | D:4      | Killed a water moccasin
  3998 | Temple   | Entered the Ecumenical Temple
  4829 | D:5      | Entered Level 5 of the Dungeon
  4829 | D:5      | Found Gosaorgh's Jewellery Emporium.
  4842 | D:5      | Found a transporter.
  4844 | D:5      | Found a transporter.
  4846 | D:5      | Noticed tkbsonic5's ghost (novice MeWr)
  4895 | D:5      | Reached XP level 7. HP: 36/36 MP: 12/18
  5245 | D:5      | Found a broken altar of Ashenzari.
  5256 | D:5      | Became a worshipper of Ashenzari the Shackled
  5874 | D:5      | Reached XP level 8. HP: 41/41 MP: 17/21
  5953 | D:5      | Found a radiant altar of Vehumet.
  6318 | D:6      | Reached skill level 10 in Conjurations
  6817 | D:6      | Reached skill level 10 in Spellcasting
  6817 | D:6      | Reached skill level 1 in Hexes
  7212 | D:6      | Found a runed translucent door.
  7213 | D:6      | Noticed Crazy Yiuf
  7241 | D:6      | Found a shimmering blue altar of Sif Muna.
  7320 | D:6      | Found an iron altar of Okawaru.
  7468 | D:6      | Killed Crazy Yiuf
  7593 | D:6      | Learned a level 3 spell: Mephitic Cloud
  7598 | D:6      | Learned a level 4 spell: Iskenderun's Mystic Blast
  7602 | D:6      | Learned a level 3 spell: Swiftness
  7647 | D:7      | Reached skill level 1 in Air Magic
  7647 | D:7      | Reached XP level 9. HP: 39/45 MP: 10/25
  7653 | D:7      | Reached skill level 5 in Hexes
  8131 | D:7      | Slain by a wyvern

Illustrated notes

Levels and vault maps discovered:
D:1:      amcnicky_arrival_gap_in_the_tavern_cellar, layout_loops_ring,
          hellmonk_ecumenical_altar_crossroads
D:2:      minmay_thinvault, layout_loops_ring, serial_shops,
          nicolae_shop_bloodbath_and_beyond, basic_altar, minivault_14,
          minivault_23
D:3:      layout_basic, nicolae_dithmenos_the_darkroom
D:4:      layout_loops_ring, temple_green, corner_web_ring, corexii_checkpoint_a
D:5:      layout_basic, mainiacjoe_overflow_surrounded_room,
          nicolae_vehumet_altar_sigil, gammafunk_ghost_hive, serial_shops, shop
D:6:      layout_cave_pools, lemuel_coloured_pillars_altar, marbit_many_paths,
          uniq_crazy_yiuf_cottage
D:7:      layout_basic, mainiacjoe_overflow_small_starburst, bloody_makhleb,
          minmay_misc_feat_hallway
Temple:   hellmonk_temple_two_chambers

Skill      XL: |  1  2  3  4  5  6  7  8  9 |
---------------+----------------------------+-----
Conjurations   | 5 6 7 8 9 10 | 10.0
Spellcasting   | 4 5 6 7 10 | 10.0
Hexes          | 4 6 |  6.0
Air Magic      | 1 4 |  4.2
Dodging        | |  2.4
Stealth        | |  2.4

Action                   |  1- 3 |  4- 6 |  7- 9 || total
-------------------------+-------+-------+-------++-------
Melee: Dagger            |     5 |     5 |     6 ||    16
       Staff             |       |       |     3 ||     3
 Cast: Magic Dart        |    72 |    97 |    49 ||   218
       Searing Ray       |     1 |     9 |    24 ||    34
       Fulminant Prism   |       |     1 |    22 ||    23
 Stab: Sleeping          |       |     1 |       ||     1
Armor: Robe              |     3 |     5 |     1 ||     9
Dodge: Dodged            |     4 |    11 |    13 ||    28
